 Dungeon Crawl Stone Soup version 0.29-a0-234-g0dae59b3db (webtiles) character file.

Game seed: 18087911817927841486

13 Hubjo the Sneak (level 2, 0/20 HPs)
             Began as a Vampire Enchanter on Mar 2, 2022.
             Slain by a jackal (2 damage)
             ... on level 1 of the Dungeon.
             The game lasted 00:00:26 (198 turns).

Hubjo the Sneak (Vampire Enchanter)                  Turns: 198, Time: 00:00:26

Health: 0/20       AC:  2    Str:  7    XL:     2   Next: 24%
Magic:  5/5        EV: 12    Int: 17    God:
Gold:   7          SH:  0    Dex: 14    Spells: 5/5 levels left

rFire   . . .      SeeInvis +   a - +1 dagger
rCold   . . .      Faith    .   (no shield)
rNeg    . . .      Spirit   .   b - +0 robe
rPois   .          Reflect  .   (no helmet)
rElec   .          Harm     .   (no cloak)
rCorr   .          Rampage  .   (no gloves)
Will    .....                   (no boots)
Stlth   +++.......              (no amulet)
HPRegen 0.26/turn               (no ring)
MPRegen 0.09/turn               (no ring)

@: healing quickly
A: alive, fangs 3, see invisible, vampiric 1
a: Exsanguinate


You were on level 1 of the Dungeon.
You visited 1 branch of the dungeon, and saw 1 of its levels.

You collected 7 gold pieces.

Inventory:

Hand Weapons
 a - a +1 dagger (weapon)
Armour
 b - a +0 robe (worn)
Scrolls
 d - a scroll of amnesia {unknown}
 f - a scroll of teleportation {unknown}
Potions
 c - a potion of invisibility
 e - a potion of haste {unknown}


   Skills:
 * Level 0.8 Fighting
 + Level 1.3 Short Blades
 + Level 2.3 Dodging
 * Level 4.8 Stealth
 - Level 2.0 Spellcasting
 + Level 4.5 Hexes


You had 5 spell levels left.
You didn't know any spells.
Your spell library contained the following spells:

 Spells                   Type           Power      Damage    Failure   Level
 Confusing Touch          Hex            17%        N/A       9%          3
 Tukima's Dance           Hex            17%        N/A       9%          3
 Ensorcelled Hibernation  Hex/Ice        18%        N/A       12%         2
 Dazzling Flash           Conj/Hex       18%        N/A       22%         3


Dungeon Overview and Level Annotations

Branches:
Dungeon (1/15)

Altars:


Innate Abilities, Weirdness & Mutations

Your natural rate of healing is accelerated.
You have razor-sharp teeth.
You have supernaturally acute eyesight. (SInv)
You are afflicted with vampirism.


Message History

The jackal bites you. The jackal barely misses you.
You hit the jackal.
You kill the jackal!
The jackal barely misses you. The bat hits you but does no damage.
The jackal misses you.
You hit the bat.
The bat is heavily wounded.
The bat hits you. The bat closely misses you. The jackal closely misses you.
You barely miss the bat.
The bat is heavily wounded.
The bat closely misses you. The jackal closely misses you.
You hit the bat.
The bat is severely wounded.
The bat closely misses you. x2; The jackal bites you.
You are too injured to fight recklessly!
You are too injured to fight recklessly!
You hit the jackal.
The jackal is heavily wounded.
The bat hits you but does no damage. The jackal bites you.
You hit the jackal.
The jackal is severely wounded.
The jackal bites you but does no damage. x2
The bat hits you but does no damage. The jackal bites you.
* * * LOW HITPOINT WARNING * * *
You hit the jackal.
You kill the jackal!
The bat misses you. The jackal bites you.
* * * LOW HITPOINT WARNING * * *
The jackal misses you. The rat bites you.
* * * LOW HITPOINT WARNING * * *
The jackal bites you.
* * * LOW HITPOINT WARNING * * *
The jackal closely misses you.
You hit the jackal but do no damage. The jackal bites you.
* * * LOW HITPOINT WARNING * * *
You barely miss the jackal. You bite the jackal.
The jackal is severely wounded.
The jackal closely misses you. The jackal bites you.
You die...

# #..#. .## ## ...##
...# .## ...###...#
..#### .##. #.....#
#....# #.#.. ##.†#
####.##...... #b.##
..##...### .###r## #
..†......##....#h# .#
..>.......#.##.#@#
..#
............##.#.##.#
...(.....##......#..#
........#..........#
..##...##.#......###
## ######.##....##
#.#.....#
#.....#....#
########..#..##..P.#


You could see a jackal, a bat and a rat.

Vanquished Creatures
  A bat (D:1)
  An endoplasm (D:1)
  2 giant cockroaches (D:1)
  3 jackals (D:1)
  A kobold (D:1)
  3 rats (D:1)
11 creatures vanquished.

Notes
Turn   | Place    | Note
-------+----------+-------------------------------------------
     0 | D:1      | Hubjo the Vampire Enchanter began the quest for the Orb.
     0 | D:1      | Reached XP level 1. HP: 13/13 MP: 3/3
   129 | D:1      | Reached XP level 2. HP: 12/20 MP: 5/5
   167 | D:1      | Found a faded altar of an unknown god.
   197 | D:1      | HP: 1/20 [jackal (2)]
   198 | D:1      | Slain by a jackal

Illustrated notes

Levels and vault maps discovered:
D:1:      nicolae_arrival_memento_mori, layout_rooms,
          ebering_ecumenical_altar_petrified

Action                   || total
-------------------------++-------
Melee: Dagger            ||    48
       Bite              ||     3
       Punch             ||     1
 Stab: Sleeping          ||     6
Armor: Robe              ||    21
Dodge: Dodged            ||    40

Table legend: (Time is in decaauts)
 A = Elapsed time spent in this place.
 B = Non-inter-level travel time spent in this place.
 C = Inter-level travel time spent in this place.
 D = Time resting spent in this place.
 E = Time spent auto-exploring this place.
 F = Levels seen in this place.
 G = Mean time per level.
                   A        B        C        D        E       F      G
               +--------+--------+--------+--------+--------+-----+--------+
         Total |    195 |    195 |      0 |      0 |     96 |   1 |  195.0 |
       Dungeon |    195 |    195 |      0 |      0 |     96 |   1 |  195.0 |
               +--------+--------+--------+--------+--------+-----+--------+

Top non-repeatable levels by time:
     D:1: 195 daAuts
